 Dungeon Crawl Stone Soup version 0.18-a0-1507-g69458e0 (webtiles) character file.

4697 4thArraOfDagon the Cleaver (level 10, -11/73 HPs)
             Began as a Mummy Chaos Knight on Mar 5, 2016.
             Was a Believer of Cheibriados.
             Mangled by an orc warrior
             ... wielding a +1 short sword of electrocution
              (16 damage)
             ... on level 8 of the Dungeon.
             The game lasted 00:31:52 (6773 turns).

4thArraOfDagon the Cleaver (Mummy Chaos Knight)     Turns: 6773, Time: 00:31:53

Health: -11/73     AC: 18    Str: 21    XL:     10   Next: 21%
Magic:  9/11       EV:  8    Int: 18    God:    Cheibriados [**....]
Gold:   301        SH:  0    Dex: 15    Spells: 0 memorised, 9 levels left

rFire  x . .     SeeInvis .     A - +0 war axe
rCold  + . .     Gourm    .     D - +0 plate armour
rNeg   + + +     Faith    .     (no shield)
rPois  ∞         Spirit   .     (no helmet)
rElec  .         Dismiss  .     B - +2 cloak
rCorr  .         Reflect  .     t - +2 pair of gloves
SustAt .         Harm     .     (no boots)
MR     +....                    (no amulet)
Stlth  ..........               (no ring)
                                C - ring of flight

@: very slow, somewhat resistant to hostile enchantments, extremely unstealthy
A: no food or potions, fire vulnerability, cold resistance 1, negative energy
resistance 3, torment resistance, unbreathing
a: Bend Time, Renounce Religion, Evoke Flight


You were on level 8 of the Dungeon.
You worshipped Cheibriados.
Cheibriados was pleased with you.
You were not hungry.

You visited 2 branches of the dungeon, and saw 12 of its levels.
You also visited: Sewer.

You collected 490 gold pieces.

Inventory:

Hand Weapons
 h - a +2 flail of protection
 l - a +0 blowgun
 A - a +0 war axe (weapon)
Missiles
 m - 35 poisoned needles
Armour
 t - a +2 pair of gloves (worn)
 u - a +2 ring mail of magic resistance
 B - a +2 cloak (worn)
 D - a +0 plate armour (worn)
Jewellery
 C - a ring of flight (left hand)
Wands
 b - a wand of iceblast (1/15)
 f - a wand of lightning (0/15)
 w - a wand of iceblast (5/15)
 x - a wand of lightning (0/15)
 y - a wand of random effects (26/48)
Scrolls
 c - 2 scrolls of immolation {unknown}
 d - 2 scrolls of random uselessness {unknown}
 e - 3 scrolls of noise
 g - 2 scrolls of enchant weapon {unknown}
 i - a scroll of silence {unknown}
 j - a scroll of amnesia {unknown}
 n - 2 scrolls of fear {unknown}
 o - 2 scrolls of fog {unknown}
 p - a scroll of enchant armour
 q - a scroll of magic mapping
Books
 r - a book of Beasts

   Spells                             Type                      Level
   a - Summon Butterflies             Summoning                    1
   b - Call Canine Familiar           Summoning                    3
   c - Summon Ice Beast               Ice/Summoning                4
   d - Summon Mana Viper              Hexes/Summoning              5
   e - Summon Hydra                   Summoning                    7
 v - a book of Dreams

   Spells                             Type                      Level
   a - Ensorcelled Hibernation        Hexes/Ice                    2
   b - Silence                        Hexes/Air                    5
   c - Darkness                       Hexes                        6
   d - Shadow Creatures               Summoning                    6
 z - a book of Unlife

   Spells                             Type                      Level
   a - Recall                         Summoning/Translocation      3
   b - Animate Dead                   Necromancy                   4
   c - Control Undead                 Necromancy                   4
   d - Cigotuvi's Embrace             Necromancy                   5
   e - Death Channel                  Necromancy                   6
   f - Simulacrum                     Ice/Necromancy               6


   Skills:
 + Level 4.7 Fighting
 * Level 9.7 Axes
 + Level 5.1 Armour
 + Level 5.1 Dodging
 + Level 1.5 Invocations
 - Level 2.4 Evocations


You had 9 spell levels left.
You didn't know any spells.

Dungeon Overview and Level Annotations

Branches:
Dungeon (11/15)            Temple (1/1) D:7            Lair (0/8) D:8
    Orc: D:9-12

Altars:
Ashenzari
Cheibriados
Dithmenos
Elyvilon
Fedhas
Kikubaaqudgha
Makhleb
Nemelex Xobeh
Okawaru
Pakellas
Qazlal
Ru
Sif Muna
Trog
Vehumet
Xom
Yredelemnul
Zin
The Shining One

Annotations:
D:4 Natasha
D:6 Uhlv's ghost, novice HOFi


Innate Abilities, Weirdness & Mutations

You do not eat or drink.
Your flesh is vulnerable to fire.
You are immune to poison.
Your flesh is cold resistant.
You are immune to negative energy.
You are immune to unholy pain and torment.
You can survive without breathing.


Message History

The orc wizard casts a spell at you. The magic dart hits you!
The orc wizard hits you but does no damage.
A hippogriff comes into view.
Read which item? (? for menu, Esc to quit)
Okay, then.
Unknown command.
Unknown command.
Read which item? (? for menu, Esc to quit)
As you read the scroll labeled PEUKLI NOSO, it crumbles to dust.
It is a scroll of enchant armour.
Enchant which item? (? for menu, Esc to quit)
Your +1 pair of gloves glows green for a moment.
The orc wizard casts a spell.
The orc wizard blinks!
Iskakk hits the orc.
The orc dies!
Cheibriados thoroughly appreciates the change of pace.
The orc warrior hits you but does no damage.
You are electrocuted!
You die...

#.# #.# *,* **,,,,,,,, #.# #.#
*H# *,**,,,,* ##.# #.# *.#
*,**,,,,* ...#####.# *.#
*>**,,,,* .........# *o#
*,***,*,* ########## ##.# *,*
*,*,* #..* *,* *,*,, #§#* *,*
*,*** ###### #@# *,* *,* .....#
#o# *,* *,* ####.# #[# *,* *,* #
#.######## #K# ***##.***,***
####...%..(.####(####.....,,,,,,,
.....................o....,,,,***
###########.####!.....###.*****
#...............*
######.#########*


You could see a hippogriff, an orc warrior, an orc wizard and the friendly
Iskakk the big kobold.

Vanquished Creatures
  Maurice (D:8)
  3 centaur skeletons (D:10)
  A two-headed ogre (D:8)
  A slime creature (D:7)
  Prince Ribbit (D:8)
  A hungry ghost (D:9)
  A mottled dragon (D:7)
  A water moccasin (D:8)
  Purgy (Sewer)
  An orc warrior (D:8)
  2 sky beasts
  An ice beast (D:8)
  A phantom (D:4)
  A wasp (D:7)
  2 centaurs
  2 ogres
  2 crocodiles (D:8)
  3 giant frogs
  A big kobold (D:8)
  A wight (D:6)
  2 howler monkeys (D:7)
  5 crimson imps
  A quasit (D:8)
  4 hounds
  A centaur zombie (D:8)
  2 jellies
  A giant frog zombie (D:7)
  2 orc priests (D:6)
  An orc wizard (D:3)
  An iguana (D:4)
  Natasha (D:4)
  9 worker ants
  3 hound zombies
  11 adders
  A gnoll (D:1)
  4 river rats (D:8)
  A shadow imp (D:5)
  An ooze (D:7)
  2 adder skeletons (D:4)
  A dart slug (D:1)
  A giant gecko (D:7)
  15 orcs
  A ball python (D:8)
  5 giant cockroaches
  4 goblins
  8 hobgoblins
  15 jackals
  3 quokkas
  17 bats
  4 giant newts
  8 kobolds
  A quokka skeleton (D:4)
  15 rats
179 creatures vanquished.

Vanquished Creatures (collateral kills)
  A slime creature (D:8)
  A phantom (D:6)
  2 howler monkeys (D:7)
  An orc priest (D:6)
  A worker ant (D:7)
  An orc (D:8)
7 creatures vanquished.

Vanquished Creatures (others)
  5 fungi (D:8)
  A plant (D:8)
6 creatures vanquished.

Grand Total: 192 creatures vanquished

Notes
Turn   | Place    | Note
--------------------------------------------------------------
     0 | D:1      | 4thArraOfDagon the Mummy Chaos Knight began the quest for the Orb.
     0 | D:1      | Reached XP level 1. HP: 18/18 MP: 1/1
    20 | D:2      | XOM: potion effect (haste)
    21 | D:2      | Reached XP level 2. HP: 20/24 MP: 2/2
    28 | D:2      | Reached skill level 3 in Axes
   213 | D:2      | Reached XP level 3. HP: 14/29 MP: 3/3
   434 | D:3      | Reached skill level 4 in Axes
   434 | D:3      | Reached XP level 4. HP: 20/35 MP: 4/4
   477 | D:3      | Found a shimmering altar of Xom.
   577 | D:3      | Found an ancient bone altar of Kikubaaqudgha.
   578 | D:3      | Found a blossoming altar of Fedhas.
   630 | D:3      | Found a faded altar to an unknown god.
   755 | D:3      | Found a sparkling altar of Nemelex Xobeh.
   824 | D:3      | Found a shadowy altar of Dithmenos.
   824 | D:3      | Found an iron altar of Okawaru.
   862 | D:4      | Noticed an ogre
   876 | D:4      | Killed an ogre
   876 | D:4      | Reached skill level 5 in Axes
   876 | D:4      | Reached XP level 5. HP: 41/41 MP: 5/5
   888 | D:4      | XOM: noise
   925 | D:4      | Found a glowing drain.
   930 | Sewer    | Entered a sewer
   965 | Sewer    | XOM: harmless Tloc miscast
  1075 | Sewer    | Noticed Purgy
  1075 | Sewer    | XOM: noise
  1096 | Sewer    | XOM: divination: detect creatures
  1113 | Sewer    | Killed Purgy
  1113 | Sewer    | Reached XP level 6. HP: 22/47 MP: 6/6
  1327 | D:5      | Entered Level 5 of the Dungeon
  1355 | D:5      | Reached skill level 6 in Axes
  1355 | D:5      | Reached skill level 1 in Dodging
  1515 | D:4      | XOM: smoke on damage
  1552 | D:4      | Noticed Natasha
  1552 | D:4      | XOM: cast spell 'Summon Butterflies'
  1558 | D:4      | Killed Natasha
  1571 | D:4      | Found a stormy altar of Qazlal.
  1659 | D:4      | Noticed Natasha
  1773 | D:5      | Reached XP level 7. HP: 6/52 MP: 7/7
  1860 | D:5      | Found a basalt altar of Yredelemnul.
  1862 | D:5      | Noticed a profane servitor
  1867 | D:5      | Found a glowing golden altar of the Shining One.
  1869 | D:5      | Noticed an angel
  2371 | D:6      | XOM: summons friendly shadow imp
  2482 | D:6      | Reached skill level 7 in Axes
  2488 | D:6      | XOM: polymorph shadow imp -> crimson imp
  2617 | D:6      | XOM: 6-stop teleportation journey
  2804 | D:6      | XOM: summons 7 friendly demons
  2821 | D:6      | Reached XP level 8. HP: 58/58 MP: 8/8
  2852 | D:6      | XOM: enchant monster (good)
  2857 | D:6      | Noticed Uhlv's ghost (novice HOFi)
  2918 | D:7      | XOM: god gift: 14 royal jellies
  2931 | D:7      | TY
  2960 | D:8      | XOM: summons friendly white imp
  2986 | D:7      | XOM: polymorph worker ant -> jelly
  2995 | D:7      | Found an oddly glowing altar of Pakellas.
  3263 | D:8      | Noticed a two-headed ogre
  3295 | D:8      | Killed a two-headed ogre
  3295 | D:8      | Reached skill level 8 in Axes
  3332 | D:8      | Noticed a slime creature
  3332 | D:8      | Noticed a slime creature
  3332 | D:8      | XOM: summons 2 friendly demons
  3344 | D:8      | XOM: enchant monster (good)
  3354 | D:8      | Killed a slime creature
  3455 | D:7      | XOM: enchant monster (bad)
  3469 | D:7      | Reached XP level 9. HP: 54/63 MP: 9/9
  3503 | D:7      | Found a staircase to the Ecumenical Temple.
  3511 | D:7      | XOM: cast spell 'Summon Ice Beast'
  3784 | D:8      | XOM: confuse monster(s)
  3807 | D:9      | XOM: harmless Conj miscast
  3826 | D:8      | Noticed Maurice
  3826 | D:8      | XOM: divination: detect items
  3833 | D:8      | XOM: butterfly on damage
  3833 | D:8      | XOM: smoke on damage
  3992 | D:10     | Entered Level 10 of the Dungeon
  4045 | D:9      | XOM: confuse monster(s)
  4048 | D:9      | Reached skill level 1 in Evocations
  4145 | D:11     | Noticed a troll
  4151 | D:11     | XOM: summons 4 hostile shadow creatures
  4178 | D:10     | XOM: silly message
  4182 | D:10     | XOM: colour smoke trail
  4185 | D:10     | XOM: enchant monster (bad)
  4198 | D:10     | Reached skill level 9 in Axes
  4218 | D:10     | XOM: enchant monster (bad)
  4259 | D:8      | Noticed Prince Ribbit
  4263 | D:8      | XOM: noise
  4274 | D:8      | Killed Prince Ribbit
  4274 | D:8      | Reached skill level 5 in Armour
  4306 | D:8      | Found a sacrificial altar of Ru.
  4324 | D:8      | Killed Maurice
  4406 | Temple   | Entered the Ecumenical Temple
  4566 | Temple   | Fell from the grace of Xom
  4566 | Temple   | Became a worshipper of Cheibriados the Contemplative
  4802 | D:4      | Reached XP level 10. HP: 69/72 MP: 11/11
  4819 | D:4      | XOM: summons 5 hostile shadow creatures
  5638 | D:2      | Reached * piety under Cheibriados
  5682 | D:2      | XOM: severe Hex miscast
  5725 | D:2      | Found a radiant altar of Vehumet.
  6137 | D:7      | Reached skill level 5 in Dodging
  6137 | D:7      | Reached skill level 1 in Invocations
  6227 | D:8      | XOM: confusion (+ monsters)
  6343 | D:8      | Reached ** piety under Cheibriados
  6408 | D:7      | XOM: mild Air miscast
  6551 | D:8      | Found a staircase to the Lair.
  6691 | D:8      | Found a shattered altar of Ashenzari.
  6766 | D:8      | Hired Iskakk the big kobold for 97 gold.
  6766 | D:8      | HP: 3/73 [orc warrior/short sword of electrocution (18)]
  6773 | D:8      | Mangled by an orc warrior

Vault maps used:
D:1:      dpeg_arrival_simpleton_b
D:2:      fiery_altar_vehumet, first_bread, serial_forest,
          infiniplex_forest_lined_room_, infiniplex_forest_straight_1,
          infiniplex_forest_clump_long, infiniplex_forest_end_2,
          infiniplex_forest_lined_2, infiniplex_forest_straight_3,
          infiniplex_forest_lined_3, infiniplex_forest_lined_3,
          infiniplex_forest_clump_long, wad_orctagon
D:3:      grunt_temple_overflow_growth_and_decay, nemelex_deck,
          xom_teletrap_fun, amethyst_overflow_temple_binary, ecumenical_altar_1,
          uniq_crazy_yiuf_cottage
D:4:      lemuel_coloured_pillars_altar, lightli_sewer_entry_pipes,
          kennysheep_nondescript, uniq_natasha
D:5:      grunt_temple_overflow_holy_war
D:6:      small_statue_intersection
D:7:      old_standard_altar, minmay_temple_entry_water_ring
D:8:      marbit_many_paths, grunt_lair_entry_orc_guard_hut,
          hangedman_tree_tricks, lemuel_altar_in_water2, uniq_prince_ribbit1,
          uniq_maurice
D:10:     erik_orc_1, corexii_corridor_pit, grunt_decor_clamped,
          minmay_misc_feat_cross, kennysheep_generic_room_7
Temple:   minmay_temple_curvy_8
Sewer:    sewer_big_baddie

Skill      XL: |  1  2  3  4  5  6  7  8  9 10 |
---------------+-------------------------------+-----
Axes           | 3 4 5 6 7 8 9 |  9.7
Dodging        | 1 2 3 4 5 |  5.1
Armour         | 2 3 4 5 |  5.1
Evocations     | 2 |  2.4
Fighting       | 4 |  4.7
Invocations    | 1 |  1.5

Action                   |  1- 3 |  4- 6 |  7- 9 | 10-12 || total
-------------------------+-------+-------+-------+-------++-------
Melee: Hand axe          |    86 |   133 |   299 |       ||   518
       Flail             |       |     5 |     3 |       ||     8
       War axe           |       |       |    30 |   175 ||   205
 Fire: Blowgun           |       |    31 |    40 |    10 ||    81
Invok: Bend Time         |       |       |       |     1 ||     1
Evoke: Wand              |       |       |    11 |     9 ||    20
       Deck              |       |       |     5 |     1 ||     6
  Use: Scroll            |       |     2 |     5 |     5 ||    12
 Stab: Petrified         |     1 |       |       |       ||     1
       Confused          |       |     3 |     2 |       ||     5
       Paralysed         |       |       |     1 |       ||     1
